 Dungeon Crawl Stone Soup version 0.22-a0-280-g69bf1f3 (webtiles) character file.

15988 Amnesiac the Destroyer (level 12, -10/71 HPs)
             Began as a Deep Elf Wizard on Mar 17, 2018.
             Was a High Priest of Sif Muna.
             Mangled by a two-headed ogre
             ... wielding a +0 giant club
              (21 damage)
             ... on level 12 of the Dungeon.
             The game lasted 00:31:52 (14118 turns).

Amnesiac the Destroyer (Deep Elf Wizard)           Turns: 14118, Time: 00:31:53

Health: -10/71     AC:  9    Str:  4    XL:     12   Next: 6%
Magic:  2/30       EV: 16    Int: 29    God:    Sif Muna [*****.]
Gold:   732        SH:  5    Dex: 13    Spells: 5/36 levels left

rFire    x . .     SeeInvis .   p - +2 rapier (venom)
rCold    + . .     Gourm    .   r - +0 buckler
rNeg     . . .     Faith    .   w - +0 steam dragon scales
rPois    .         Spirit   .   b - +0 hat
rElec    .         Reflect  .   j - +0 cloak
rCorr    .         Harm     +   y - +1 pair of gloves
MR       +....                  z - +0 pair of boots
Stlth    ++........             x - amulet of harm
HPRegen  0.21/turn              o - ring of wizardry
MPRegen  0.22/turn              B - ring of ice

@: divine energy
A: no striking features
a: Stop Divine Energy, Channel Magic, Forget Spell, Renounce Religion


You were on level 12 of the Dungeon.
You worshipped Sif Muna.
Sif Muna was extremely pleased with you.
You were not hungry.

You visited 2 branches of the dungeon, and saw 13 of its levels.

You collected 732 gold pieces.

Inventory:

Hand Weapons
 p - a +2 rapier of venom (weapon)
 J - the +9 mace of Accord {crush, *Rage Str-5 Int+8 SInv}
   (You found it on level 10 of the Dungeon)

   It inflicts extra damage upon your enemies.
   It affects your strength (-5).
   It affects your intelligence (+8).
   It lets you see invisible.
   It may make you go berserk in combat.
Missiles
 h - 50 poisoned needles
 A - 6 curare-tipped needles
Armour
 b - a +0 hat (worn)
 j - a +0 cloak (worn)
 r - a +0 buckler (worn)
 w - +0 steam dragon scales (worn)
 y - a +1 pair of gloves (worn)
 z - a +0 pair of boots (worn)
Jewellery
 o - a ring of wizardry (left hand)
 q - an uncursed ring of poison resistance
 x - an amulet of harm (around neck)
 B - a ring of ice (right hand)
Wands
 e - a wand of clouds (1)
 m - a wand of iceblast (11)
 v - a wand of polymorph (39)
 G - a wand of paralysis (23)
Scrolls
 f - 2 scrolls of magic mapping {!r}
 g - 11 scrolls of remove curse {!r}
 n - 7 scrolls of teleportation {!r}
 s - 5 scrolls of fog {!r}
 t - a scroll of amnesia {!r}
 C - 2 scrolls of fear {!r}
 H - a scroll of enchant armour {!r, unknown}
 I - a scroll of enchant weapon {!r}
 K - a scroll of identify {!r}
Potions
 c - 3 potions of haste {!q}
 i - 4 potions of curing {!q}
 k - a potion of lignification {!q}
 l - 2 potions of heal wounds {!q}
 u - a potion of flight {!q}
 D - a potion of mutation {!q}
 E - a potion of ambrosia {!q}
 F - a potion of resistance {!q}
Comestibles
 a - 4 chunks of flesh
 d - 18 rations


   Skills:
 - Level 6.8 Fighting
 - Level 7.0 Dodging
 - Level 2.4 Stealth
 - Level 4.6 Shields
 + Level 12.6 Spellcasting
 - Level 14.0 Conjurations
 - Level 1.1 Summonings
 - Level 1.1 Translocations


You had 5 spell levels left.
You knew the following spells:

 Your Spells              Type           Power        Failure   Level  Hunger
a - Throw Icicle          Conj/Ice       ######..     1%          4    None
b - Call Imp              Summ           ###.....     1%          2    None
c - Mephitic Cloud        Conj/Pois/Air  #####...     1%          3    None
d - Dazzling Spray        Conj/Hex       ######       1%          3    None
e - Confuse               Hex            ###.....     3%          3    None
f - Controlled Blink      Tloc           N/A          100%        8    #######
s - Conjure Flame         Conj/Fire      ######..     1%          3    None
v - Blink                 Tloc           N/A          1%          2    None
z - Ozocubu's Armour      Chrm/Ice       ####....     3%          3    None


Dungeon Overview and Level Annotations

Branches:
Dungeon (12/15)            Temple (1/1) D:7            Lair (0/6) D:10
    Orc: D:9-12

Altars:
Ashenzari
Cheibriados
Dithmenos
Elyvilon
Fedhas
Gozag
Hepliaklqana
Kikubaaqudgha
Makhleb
Nemelex Xobeh
Okawaru
Qazlal
Ru
Sif Muna
Trog
Uskayaw
Vehumet
Wu Jian
Xom
Yredelemnul
Zin
The Shining One

Shops:
D:12 }


Message History

You regain access to your magic.
The orc priest mumbles some strange prayers to Beogh against you.
Beogh smites you!
* * * LOW HITPOINT WARNING * * *
Casting: Throw Icicle (safe; 1% risk of failure)
Confirm with . or Enter, or press ? or * to list all spells.
Aiming: Throw Icicle (safe; 1% risk of failure)
Press: ? - help, Shift-Dir - straight line, f - orc warrior
Aim: an orc warrior, wielding a war axe and wearing a plate armour (moderately wounded)
You feel a surge of power!
The shard of ice hits the orc warrior.
The orc warrior is almost dead.
Sif Muna grants you divine energy.
You briefly lose access to your magic!
The orc priest invokes the aid of Beogh against you.
Beogh smites you!
* * * LOW HITPOINT WARNING * * *
You are unable to access your magic!
An orc comes into view.
You are unable to access your magic!
You are unable to access your magic!
You regain access to your magic.
Casting: Throw Icicle (safe; 1% risk of failure)
Confirm with . or Enter, or press ? or * to list all spells.
Aiming: Throw Icicle (safe; 1% risk of failure)
Press: ? - help, Shift-Dir - straight line, f/p - orc warrior
Aim: an orc warrior, wielding a war axe and wearing a plate armour (almost dead)
You feel a surge of power!
The shard of ice hits the orc warrior.
You kill the orc warrior!
Sif Muna accepts your kill. Sif Muna grants you divine energy.
You briefly lose access to your magic!
Unknown command.
A two-headed ogre comes into view.
It is wielding a giant club and a giant spiked club.
Found 10 gold pieces.
Found a twisted ruby ring.
You regain access to your magic.
Casting: Throw Icicle (safe; 1% risk of failure)
Confirm with . or Enter, or press ? or * to list all spells.
Aiming: Throw Icicle (safe; 1% risk of failure)
Press: ? - help, Shift-Dir - straight line, f - orc priest
Aim: an orc priest, wielding a trident and wearing a leather armour You feel a surge of power!
The shard of ice hits the orc priest.
The orc priest is almost dead.
Sif Muna grants you divine energy.
You briefly lose access to your magic!
The orc priest calls down the wrath of Beogh upon you.
Beogh smites you!
* * * LOW HITPOINT WARNING * * *
Unknown command.
Evoke which item? (* to show all) (? for menu, Esc to quit)
Aiming: Cloud Cone
Press: ? - help, Dir - move target cursor, f/p - orc priest
Aim: an orc priest, wielding a trident and wearing a leather armour (almost dead)
You create a blast of poison gas!
The two-headed ogre is poisoned.
The orc priest is engulfed in poison gas.
The orc priest is poisoned.
You kill the orc priest!
Sif Muna accepts your kill.
The two-headed ogre is engulfed in poison gas.
The two-headed ogre looks even sicker.
Found 22 bolts.
You regain access to your magic.
The two-headed ogre misses you.
The two-headed ogre hits you with a giant spiked club!!
You die...

#######
###.....#########
#...(..=.......§######$
#....@O....§§§.......
##.##########§######
#.# ######o# 8##
#..o...# #...#
#.#####.######o)....
.>..)....o.oo)o.[...
#######.###(........
###.# #....#...#


You could see a two-headed ogre.

Vanquished Creatures
  A vampire mage (D:12)
  6 two-headed ogres
  The ghost of Amnesiac the Destroyer, a journeyman DEWz of Sif Muna (D:10)
  Pikel (D:7)
  A cyclops (D:11)
  A gargoyle (D:12)
  2 kobold demonologists
  A komodo dragon (D:10)
  2 trolls
  2 hippogriffs
  2 shadows
  2 wyverns
  Sigmund (D:4)
  A spriggan (D:8)
  A wraith (D:11)
  A water elemental (D:12)
  6 yaks (D:10)
  Eustachio (D:4)
  A steam dragon (D:11)
  2 hungry ghosts
  Menkaure (D:6)
  A water moccasin (D:10)
  An acid dragon (D:12)
  Duvessa (D:6)
  5 orc warriors
  2 slaves (D:7)
  3 sky beasts
  4 phantoms
  An ice beast (D:12)
  2 eyes of draining (D:11)
  4 ogres
  4 centaurs
  2 big kobolds
  7 bullfrogs
  A wyvern skeleton (D:6)
  2 scorpions
  Dowan (D:6)
  6 killer bees (D:11)
  4 electric eels (D:12)
  5 howler monkeys
  4 crimson imps
  7 hounds
  6 jellies
  8 orc wizards
  2 centaur skeletons
  9 orc priests
  2 bullfrog skeletons
  Terence (D:2)
  Ijyb (D:4)
  An iguana (D:4)
  7 worker ants
  2 hound zombies
  A worker ant zombie (D:11)
  6 gnolls (D:3)
  15 adders
  6 shadow imps
  An ooze (D:7)
  An adder skeleton (D:6)
  4 worms
  A dart slug (D:2)
  3 leopard geckos
  43 orcs
  8 bats
  5 giant cockroaches
  7 goblins (D:1)
  4 hobgoblins
  8 jackals
  20 kobolds
  2 quokkas
  2 frilled lizards
  A jackal skeleton (D:5)
  8 rats
289 creatures vanquished.

Vanquished Creatures (others)
  2 slaves (D:7)
  A plant (D:10)
3 creatures vanquished.

Grand Total: 292 creatures vanquished

Notes
Turn   | Place    | Note
-------+----------+-------------------------------------------
     0 | D:1      | Amnesiac the Deep Elf Wizard began the quest for the Orb.
     0 | D:1      | Reached XP level 1. HP: 10/10 MP: 7/7
   214 | D:1      | Reached skill level 1 in Fighting
   214 | D:1      | Reached XP level 2. HP: 16/16 MP: 6/9
   218 | D:1      | Learned a level 2 spell: Blink
   221 | D:1      | Learned a level 2 spell: Call Imp
   777 | D:2      | You fall through a shaft for 2 floors!
   781 | D:4      | Reached skill level 2 in Conjurations
   781 | D:4      | Reached XP level 3. HP: 21/21 MP: 6/11
   786 | D:4      | Learned a level 3 spell: Conjure Flame
   790 | D:4      | Learned a level 3 spell: Mephitic Cloud
   806 | D:4      | Noticed an ogre
   862 | D:4      | Killed an ogre
   862 | D:4      | Reached XP level 4. HP: 27/27 MP: 0/12
   927 | D:4      | Noticed Ijyb
   976 | D:4      | Reached skill level 3 in Conjurations
   988 | D:4      | Killed Ijyb
   988 | D:4      | Reached XP level 5. HP: 11/32 MP: 0/13
  1677 | D:2      | Found a white marble altar of Elyvilon.
  1691 | D:2      | Reached skill level 4 in Conjurations
  1891 | D:2      | Noticed Terence
  1926 | D:2      | Killed Terence
  2376 | D:3      | Reached XP level 6. HP: 26/37 MP: 2/14
  2414 | D:3      | Reached skill level 1 in Shields
  2649 | D:3      | Found a basalt altar of Yredelemnul.
  3159 | D:4      | Noticed Sigmund
  3184 | D:4      | Killed Sigmund
  3184 | D:4      | Reached XP level 7. HP: 39/41 MP: 3/15
  3374 | D:4      | Noticed Eustachio
  3390 | D:5      | Entered Level 5 of the Dungeon
  3684 | D:4      | HP: 2/41 [quasit[Eustachio] (2)]
  3692 | D:4      | HP: 2/41 [Eustachio/rapier (6)]
  3710 | D:4      | Killed Eustachio
  4650 | D:5      | Reached XP level 8. HP: 46/48 MP: 1/16
  5255 | D:6      | Found a shimmering altar of Xom.
  5264 | D:6      | Noticed a kobold demonologist
  5266 | D:6      | Noticed Menkaure
  5735 | D:5      | Reached skill level 5 in Fighting
  5735 | D:5      | Reached skill level 5 in Dodging
  6096 | D:6      | Found a bloodstained altar of Trog.
  6097 | D:6      | Found an ornate altar of the Wu Jian Council.
  6253 | D:6      | Noticed Dowan
  6262 | D:6      | Found a transporter.
  6362 | D:6      | Noticed Duvessa
  6390 | D:6      | Killed Dowan
  6555 | D:6      | Killed Menkaure
  6572 | D:6      | Found a transporter.
  6641 | D:6      | Killed Duvessa
  7250 | D:6      | Reached XP level 9. HP: 42/56 MP: 17/17
  7286 | D:6      | Killed a kobold demonologist
  7353 | D:7      | Found a staircase to the Ecumenical Temple.
  7384 | Temple   | Entered the Ecumenical Temple
  7564 | D:7      | Found a deep blue altar of Sif Muna.
  7570 | D:7      | Became a worshipper of Sif Muna the Loreminder
  7575 | D:7      | Learned a level 3 spell: Dazzling Spray
  7703 | D:7      | Noticed Pikel
  7746 | D:7      | Killed Pikel
  7746 | D:7      | Reached skill level 5 in Spellcasting
  7746 | D:7      | Reached skill level 6 in Conjurations
  8381 | D:8      | Found a burning altar of Makhleb.
  8497 | D:8      | Reached * piety under Sif Muna
  8515 | D:8      | Reached skill level 7 in Conjurations
  8882 | D:8      | Noticed a two-headed ogre
  8892 | D:8      | Killed a two-headed ogre
  8892 | D:8      | Reached skill level 8 in Conjurations
  8892 | D:8      | Reached XP level 10. HP: 61/61 MP: 0/23
  9204 | D:9      | Reached ** piety under Sif Muna
  9248 | D:9      | Reached skill level 9 in Conjurations
  9748 | D:9      | Noticed a two-headed ogre
  9795 | D:9      | Killed a two-headed ogre
  9795 | D:9      | Reached skill level 10 in Conjurations
 10148 | D:9      | Learned a level 4 spell: Throw Icicle
 10149 | D:10     | Entered Level 10 of the Dungeon
 10245 | D:10     | Noticed Amnesiac's ghost (journeyman DEWz)
 10252 | D:10     | Killed Amnesiac's ghost
 10252 | D:10     | Reached *** piety under Sif Muna
 10393 | D:10     | Reached skill level 11 in Conjurations
 10620 | D:10     | Reached skill level 10 in Spellcasting
 10639 | D:10     | Reached XP level 11. HP: 60/66 MP: 0/27
 10881 | D:10     | Noticed a two-headed ogre
 10887 | D:10     | Killed a two-headed ogre
 11218 | D:10     | Reached **** piety under Sif Muna
 11218 | D:10     | Reached skill level 12 in Conjurations
 11285 | D:10     | Found a staircase to the Lair.
 11360 | D:10     | Got a bloodstained mace
 11693 | D:10     | Lost strength.
 11693 | D:10     | Identified the +9 mace of Accord {crush, *Rage Str-5 Int+8 SInv} (You found it on level 10 of the Dungeon)
 11757 | D:11     | Noticed a two-headed ogre
 11760 | D:11     | Killed a two-headed ogre
 11770 | D:11     | Found an iron altar of Okawaru.
 11935 | D:11     | Noticed a two-headed ogre
 11941 | D:11     | Killed a two-headed ogre
 12418 | D:11     | Reached skill level 13 in Conjurations
 12554 | D:11     | Learned a level 3 spell: Ozocubu's Armour
 12560 | D:11     | Learned a level 3 spell: Confuse
 12866 | D:11     | Noticed a two-headed ogre
 12873 | D:11     | Killed a two-headed ogre
 13227 | D:12     | Found Woqetih's Gadget Shop.
 13232 | D:12     | Reached ***** piety under Sif Muna
 13237 | D:12     | Identified the Papyrus of the Supportive Birds
 13387 | D:12     | Identified Sif Muna's Catalogue of the Spatial Snowflakes (Sif Muna gifted it to you on level 12 of the Dungeon)
 13387 | D:12     | Received a gift from Sif Muna
 13408 | D:12     | Learned a level 8 spell: Controlled Blink
 13579 | D:12     | Noticed a vampire mage
 13587 | D:12     | Killed a vampire mage
 13767 | D:12     | Reached XP level 12. HP: 71/71 MP: 25/30
 13869 | D:12     | Reached skill level 14 in Conjurations
 14108 | D:12     | Noticed a two-headed ogre
 14118 | D:12     | Mangled by a two-headed ogre

Vault maps used:
D:1:      shiori_arrival_maze
D:2:      elyvilon_altar_5, first_ration, minmay_item_behind_shaft,
          minmay_pentomino_q4, uniq_terence
D:3:      yredelemnul_altar_generic
D:4:      uniq_sigmund, uniq_eustachio, uniq_ijyb
D:6:      gammafunk_wand_slinger, gammafunk_temple_overflow_statue,
          kennysheep_mini_moat, uniq_duvessa, uniq_menkaure
D:7:      lemuel_crystal_altar, minmay_temple_entry_crystal_x, uniq_pikel
D:8:      makhleb_heckhound_becter, the_bakery
D:10:     david_lair_shrubbed
D:11:     basic_altar
D:12:     david_orc_4, serial_shops, nicolae_shop_trees, nrook_loot_triangle,
          minmay_librarian
Temple:   eino_temple_rhombus

Skill      XL: |  1  2  3  4  5  6  7  8  9 10 11 12 |
---------------+-------------------------------------+-----
Fighting       | 1 2 3 4 6 |  6.8
Conjurations   | 2 3 4 8 11 13 14 | 14.0
Dodging        | 3 4 6 7 |  7.0
Shields        | 3 4 |  4.6
Spellcasting   | 7 10 12 | 12.6
Stealth        | |  2.4
Summonings     | |  1.1
Translocations | |  1.1

Action                   |  1- 3 |  4- 6 |  7- 9 | 10-12 || total
-------------------------+-------+-------+-------+-------++-------
Melee: Unarmed           |     1 |    12 |       |       ||    13
       Dagger            |       |       |    55 |       ||    55
       Rapier            |       |       |    25 |    20 ||    45
 Cast: Magic Dart        |    52 |   147 |   264 |       ||   463
       Conjure Flame     |     1 |       |     5 |       ||     6
       Mephitic Cloud    |       |     2 |    24 |     1 ||    27
       Call Imp          |       |     2 |       |       ||     2
       Blink             |       |       |     4 |     1 ||     5
       Dazzling Spray    |       |       |    49 |    90 ||   139
       Throw Icicle      |       |       |       |   152 ||   152
       Confuse           |       |       |       |     3 ||     3
       Ozocubu's Armour  |       |       |       |     1 ||     1
Invok: Divine Energy     |       |       |     1 |       ||     1
Evoke: Wand              |       |       |    33 |     1 ||    34
  Use: Potion            |       |       |     3 |     1 ||     4
       Scroll            |       |       |    11 |     8 ||    19
 Stab: Confused          |       |       |     4 |       ||     4
       Invisible         |       |       |     2 |     1 ||     3
       Sleeping          |       |       |     1 |       ||     1
  Eat: Chunk             |       |     7 |    12 |    16 ||    35
       Ration            |       |       |     2 |       ||     2
Armor: Robe              |     2 |     4 |    35 |     9 ||    50
       Steam dragon scal |       |       |       |     1 ||     1
Dodge: Dodged            |    10 |    34 |   157 |    64 ||   265
Block: Buckler           |       |       |    59 |    19 ||    78

Table legend:
 A = Spawn XP
 B = Non-spawn XP
 C = Spawn XP percentage of total XP
 D = Spawn monster count
 E = Non-spawn monster count
 F = Spawn count percentage of total count
 G = Total turns spent on level
                    A         B        C        D         E        F      G
               +---------+---------+-------+---------+---------+-------+---------
         Total |       0 |   22841 |   0.0 |       0 |     287 |   0.0 | 14118
               +---------+---------+-------+---------+---------+-------+---------
           D:1 |       0 |      33 |   0.0 |       0 |      19 |   0.0 |   732
           D:2 |       0 |      68 |   0.0 |       0 |      14 |   0.0 |   704
           D:3 |       0 |     167 |   0.0 |       0 |      26 |   0.0 |   985
           D:4 |       0 |     918 |   0.0 |       0 |      24 |   0.0 |  1709
           D:5 |       0 |     685 |   0.0 |       0 |      21 |   0.0 |  1703
           D:6 |       0 |    1341 |   0.0 |       0 |      31 |   0.0 |  1492
           D:7 |       0 |     995 |   0.0 |       0 |      10 |   0.0 |   889
           D:8 |       0 |    1642 |   0.0 |       0 |      20 |   0.0 |   626
           D:9 |       0 |    2778 |   0.0 |       0 |      24 |   0.0 |  1237
          D:10 |       0 |    5162 |   0.0 |       0 |      34 |   0.0 |  1737
          D:11 |       0 |    5547 |   0.0 |       0 |      30 |   0.0 |  1210
          D:12 |       0 |    3505 |   0.0 |       0 |      34 |   0.0 |   936
               +---------+---------+-------+---------+---------+-------+---------
